[Event "Titled Tuesday Blitz December 7 2021"]
[White "Gabrielian, Artur"]
[Black "Krutko, Anatoly"]
[WhiteFideId "4131002"]
[BlackFideId "4185862"]
[WhiteElo "2731"]
[BlackElo "2506"]
[Result "1-0"]
[Round "08"]
[TimeControl "180+1"]
[Date "2021.12.07"]
[WhiteClock "0:01:22"]
[BlackClock "0:00:40"]

1. e4 e5 2. Nc3 Nf6 3. g3 a6 4. Bg2 Bc5 5. Nge2 d6 6. O-O Nc6 7. d3 h6 8. h3 O-O 9. Kh2 Nd4 10. f4 Nxe2 11. Qxe2 exf4 12. Bxf4 Be6 13. Qd2 Bd4 14. Ne2 Be5 15. d4 Bxf4 16. gxf4 Bc4 17. Rae1 Re8 18. b3 Bb5 19. c4 Bc6 20. d5 Bd7 21. Ng3 Ng4+ 22. hxg4 Qh4+ 23. Bh3 Bxg4 24. Qg2 h5 25. Rh1 Bxh3 26. Qxh3 Qxf4 27. Rhf1 Qe5 28. Qxh5 Qxh5+ 29. Nxh5 Re5 30. Rf5 Rae8 31. Rg1 Rxf5 32. exf5 Re2+ 33. Rg2 Rxg2+ 34. Kxg2 g6 35. fxg6 fxg6 36. Nf6+ Kf7 37. Ne4 g5 38. Kf3 Kg6 39. Kg4 1-0


[Site "https://www.chess.com"]

[Event "Titled Tuesday Blitz December 7 2021"]
[White "Garagulya, Konstantin"]
[Black "Papasimakopoulos, Alexandros"]
[WhiteFideId "4128931"]
[BlackFideId "4244125"]
[WhiteElo "2436"]
[BlackElo "2703"]
[Result "1-0"]
[Round "08"]
[TimeControl "180+1"]
[Date "2021.12.07"]
[WhiteClock "0:00:16"]
[BlackClock "0:00:13"]

1. d4 e6 2. Nf3 Nf6 3. Bg5 c5 4. e3 Qb6 5. Qc1 Ne4 6. Bf4 d5 7. c3 Bd7 8. Nbd2 Nxd2 9. Qxd2 cxd4 10. exd4 Bb5 11. Bxb5+ Qxb5 12. Qe2 Qxe2+ 13. Kxe2 Nc6 14. Ne5 f6 15. Nd3 Kd7 16. Kd2 Bd6 17. h4 Bxf4+ 18. Nxf4 Kd6 19. Rae1 e5 20. dxe5+ fxe5 21. Nd3 Rhf8 22. f3 Rae8 23. Rhf1 Na5 24. b3 b6 25. g3 Nb7 26. f4 e4 27. Nb4 Nc5 28. Re3 h5 29. Nc2 Ne6 30. Rfe1 g6 31. c4 dxc4 32. Rxe4 cxb3 33. axb3 Nc7 34. Nd4 Rxe4 35. Rxe4 a5 36. Kd3 b5 37. Re5 Rb8 38. Rg5 a4 39. Rxg6+ Kd5 40. Rg5+ Kd6 41. Rxh5 a3 42. Nc2 a2 43. Kc3 Ne6 44. Kb2 Rg8 45. Rh6 Ke7 46. f5 Nc5 47. Rg6 Ra8 48. Rb6 Rg8 49. Rxb5 Nd3+ 50. Kxa2 Rxg3 51. Rd5 Rh3 52. b4 Nf4 53. Rd4 Ne2 54. Rc4 Kd6 55. Kb2 Kd5 56. Rc5+ Kd6 57. f6 Nf4 58. f7 Ne6 59. Rf5 Ke7 60. h5 Kf8 61. b5 Rh2 62. b6 Rd2 63. b7 Rd8 64. h6 Rb8 65. h7 Kg7 66. f8=Q+ Nxf8 67. Rb5 Kxh7 68. Nd4 Kg7 69. Nc6 Rxb7 70. Rxb7+ Kf6 71. Nb4 Ke5 72. Nc2 Ke6 73. Rb5 Kd6 74. Kc3 Nd7 75. Rf5 Ke6 76. Rh5 Nf6 77. Ra5 Nd7 78. Ne3 Ne5 79. Rc5 Nd7 80. Rb5 Kd6 81. Kd4 Kc6 82. Rd5 Nb6 83. Rc5+ Kd6 84. Nc4+ 1-0


[Site "https://www.chess.com"]

[Event "Titled Tuesday Blitz December 7 2021"]
[White "Gasanov, Eldar"]
[Black "Perez Gormaz, Matias"]
[WhiteFideId "14104466"]
[BlackFideId "3406342"]
[WhiteElo "2762"]
[BlackElo "2638"]
[Result "1-0"]
[Round "08"]
[TimeControl "180+1"]
[Date "2021.12.07"]
[WhiteClock "0:00:03"]
[BlackClock "0:00:03"]

1. d4 d5 2. c4 e6 3. Nf3 a6 4. Nbd2 Nf6 5. g3 c5 6. Bg2 Nc6 7. cxd5 exd5 8. O-O h6 9. dxc5 Bxc5 10. Nb3 Ba7 11. Nbd4 O-O 12. Nxc6 bxc6 13. Nd4 Bd7 14. Bf4 Re8 15. Rc1 Rc8 16. b4 Qb6 17. Nc2 Ng4 18. e3 a5 19. a3 axb4 20. axb4 Nf6 21. Bd6 Ne4 22. Bxe4 Rxe4 23. Bc5 Qb7 24. Bxa7 Qxa7 25. Nd4 Qb6 26. Qd2 Bh3 27. Rfe1 Bd7 28. Rc2 Rb8 29. Rb1 Ree8 30. f3 Ra8 31. Kf2 Ra3 32. Rc3 Ra7 33. Rb2 Rea8 34. Rc1 Ra3 35. Qc2 Re8 36. Rb3 Ra6 37. Qc5 Qb7 38. Rbc3 Rc8 39. Qe7 Rb6 40. b5 cxb5 41. Rxc8+ Bxc8 42. Qd8+ Kh7 43. Rxc8 Rf6 44. Rc7 Qa6 45. Qxd5 b4 46. Qe4+ g6 47. g4 Qa2+ 48. Rc2 Qa1 49. Kg2 Qe1 50. Qe5 b3 51. Rc8 Kg7 52. Ne6+ fxe6 53. Rc7+ Kg8 54. Qxf6 Qe2+ 55. Kg3 Qe1+ 56. Kf4 Qb4+ 57. Qd4 1-0


[Site "https://www.chess.com"]

[Event "Titled Tuesday Blitz December 7 2021"]
[White "Gheorghiu, Calin"]
[Black "Druska, Juraj"]
[WhiteFideId "1200305"]
[BlackFideId "14915650"]
[WhiteElo "2374"]
[BlackElo "2571"]
[Result "0-1"]
[Round "08"]
[TimeControl "180+1"]
[Date "2021.12.07"]
[WhiteClock "0:00:02"]
[BlackClock "0:00:05"]

1. d4 Nf6 2. Bf4 c5 3. d5 e6 4. Nc3 d6 5. dxe6 Bxe6 6. e4 Be7 7. Bb5+ Nc6 8. Nf3 O-O 9. O-O a6 10. Bxc6 bxc6 11. e5 Nd5 12. exd6 Bf6 13. Nxd5 cxd5 14. c3 Rb8 15. Qd2 Qb6 16. b3 a5 17. Ng5 a4 18. Nxe6 fxe6 19. Rab1 d4 20. cxd4 Bxd4 21. Rbe1 axb3 22. Rxe6 b2 23. Rb1 Qb7 24. d7 Qxd7 25. Qe2 Rxf4 26. Re7 Qd5 27. a4 Rbf8 28. Re8 Rxf2 29. Rxf8+ Rxf8+ 30. Kh1 Qf5 31. Qc4+ Qf7 32. Qd3 Qg6 33. Qc4+ Kh8 34. Qa2 Qf5 35. h3 h6 36. a5 Ra8 37. a6 Qd7 38. Rf1 Qc6 39. Qc4 Qb6 40. Qd3 Qxa6 41. Rf8+ Rxf8 42. Qxa6 b1=Q+ 43. Kh2 Be5+ 44. g3 Rf2# 0-1


[Site "https://www.chess.com"]

[Event "Titled Tuesday Blitz December 7 2021"]
[White "Golubka, Petro"]
[Black "Bilan, Danila"]
[WhiteFideId "14114224"]
[BlackFideId "24161918"]
[WhiteElo "2730"]
[BlackElo "2521"]
[Result "1/2-1/2"]
[Round "08"]
[TimeControl "180+1"]
[Date "2021.12.07"]
[WhiteClock "0:02:15"]
[BlackClock "0:00:35"]

1. e4 c6 2. d4 d5 3. e5 Bf5 4. g4 Bd7 5. Bg2 e6 6. c3 c5 7. Ne2 h5 8. g5 Ne7 9. Nf4 g6 10. c4 Bc6 11. dxc5 dxc4 12. Qxd8+ Kxd8 13. O-O Bxg2 14. Kxg2 Nec6 15. Be3 Nd7 16. Na3 Ncxe5 17. Rfd1 Kc7 18. Nb5+ Kc6 19. Nd4+ Kc7 20. Nb5+ Kc6 21. Nd4+ Kc7 22. Nb5+ 1/2-1/2


[Site "https://www.chess.com"]

[Event "Titled Tuesday Blitz December 7 2021"]
[White "Gontcharov, Vladislav"]
[Black "Fawzy, Adham"]
[WhiteFideId "4123492"]
[BlackFideId "10613129"]
[WhiteElo "2602"]
[BlackElo "2744"]
[Result "1-0"]
[Round "08"]
[TimeControl "180+1"]
[Date "2021.12.07"]
[WhiteClock "0:00:09"]
[BlackClock "0:00:21"]

1. d4 Nf6 2. c4 e6 3. Nf3 Bb4+ 4. Nbd2 Qe7 5. a3 Bxd2+ 6. Qxd2 b6 7. g3 Bb7 8. Bg2 O-O 9. O-O c6 10. Qc2 d5 11. b3 Nbd7 12. a4 Rfc8 13. Ba3 c5 14. a5 bxa5 15. Bb2 dxc4 16. bxc4 Be4 17. Qc3 cxd4 18. Nxd4 Bxg2 19. Kxg2 Qc5 20. Rxa5 Qxc4 21. Qf3 Qb4 22. Rb5 Qd6 23. Ra1 Nb6 24. Nb3 Nfd7 25. Ra6 Qc6 26. Qxc6 Rxc6 27. Bd4 e5 28. Be3 f6 29. Na5 Rcc8 30. Nb7 Nc4 31. Bxa7 Rc7 32. Ra4 h5 33. h4 Kh7 34. Ra1 Re8 35. Nc5 Nd6 36. Rba5 Nxc5 37. Bxc5 Nc4 38. Rb5 Rec8 39. Bb4 Kg6 40. Be1 Nd6 41. Rd5 Nf5 42. e3 Rc2 43. Kf1 R8c7 44. Ra6 Rb7 45. Rxe5 Rb1 46. e4 Nd4 47. Rg5+ Kf7 48. Ra7+ Ke6 49. Ra6+ Kf7 50. Ra7+ Ke6 51. Ra6+ Nc6 52. Rxg7 Rcc1 53. Kg2 Kd6 54. Bd2 Rc2 55. Bf4+ Kc5 56. Rc7 Kb5 57. Raa7 Rbb2 58. Rab7+ Ka4 59. Rxb2 Rxb2 60. Rxc6 Rb4 61. Rxf6 Rxe4 62. Rf5 Rxf4 63. Rxf4+ Kb3 64. Rf5 Kc3 65. Rxh5 Kd3 66. Rf5 Ke4 67. Rf4+ Ke5 68. h5 Ke6 69. h6 Ke7 70. h7 1-0


[Site "https://www.chess.com"]

[Event "Titled Tuesday Blitz December 7 2021"]
[White "Gubsky, Egor"]
[Black "Lewtak, Damian"]
[WhiteFideId "4194055"]
[BlackFideId "1141724"]
[WhiteElo "2175"]
[BlackElo "2546"]
[Result "1-0"]
[Round "08"]
[TimeControl "180+1"]
[Date "2021.12.07"]
[WhiteClock "0:00:12"]
[BlackClock "0:00:09"]

1. d4 d6 2. c4 e5 3. Nf3 Nc6 4. e3 Nf6 5. Nc3 Be7 6. Bd3 O-O 7. O-O Bg4 8. h3 Bh5 9. Be2 Re8 10. b3 exd4 11. Nxd4 Bxe2 12. Ncxe2 Nxd4 13. Nxd4 Ne4 14. Bb2 Bf6 15. Qc2 Qd7 16. Rad1 a6 17. b4 b6 18. a3 a5 19. Nb5 Bxb2 20. Qxb2 c6 21. Nc3 axb4 22. Nxe4 Rxe4 23. Qxb4 Qc7 24. Rxd6 Rxc4 25. Qd2 h6 26. Rd7 Qe5 27. Rb7 b5 28. Qd7 Qe6 29. Qc7 Rc8 30. Rb8 Rxb8 31. Qxb8+ Kh7 32. Rd1 Rc2 33. Qf4 Qf6 34. Qe4+ Qg6 35. Qf3 Ra2 36. Rc1 Rxa3 37. Rxc6 f6 38. Rb6 Rb3 39. Rb8 Rb1+ 40. Kh2 Qg5 41. Qe4+ Qg6 42. Rh8+ 1-0


[Site "https://www.chess.com"]

[Event "Titled Tuesday Blitz December 7 2021"]
[White "Gunduz, Umut Erdem"]
[Black "Miszler, Levente"]
[WhiteFideId "6381383"]
[BlackFideId "763276"]
[WhiteElo "2572"]
[BlackElo "2405"]
[Result "1/2-1/2"]
[Round "08"]
[TimeControl "180+1"]
[Date "2021.12.07"]
[WhiteClock "0:00:04"]
[BlackClock "0:00:28"]

1. e4 e6 2. d4 d5 3. Nc3 Nf6 4. e5 Nfd7 5. f4 c5 6. Nf3 Nc6 7. Be3 Be7 8. Qd2 O-O 9. dxc5 Qa5 10. O-O-O b6 11. Bb5 Nb4 12. c6 Nxa2+ 13. Nxa2 Qxa2 14. Qc3 Nc5 15. Bxc5 bxc5 16. Qa3 Qxa3 17. bxa3 a6 18. Ba4 c4 19. Kb2 a5 20. c3 Ba6 21. Ka2 Bc5 22. Rb1 Rfc8 23. Rb2 Rab8 24. Rhb1 Rxb2+ 25. Rxb2 Kf8 26. Kb1 Ke7 27. Nd4 Bxd4 28. cxd4 c3 29. Rb3 Kd8 30. Rxc3 Bc4 31. Kc2 Kc7 32. Bb3 Bxb3+ 33. Kxb3 Rb8+ 34. Kc2 Rb6 35. g4 a4 36. f5 Rxc6 37. Rxc6+ Kxc6 38. Kc3 Kb5 39. h4 h6 40. fxe6 fxe6 41. h5 Ka5 42. Kd3 Kb5 43. Kc3 Ka5 44. Kc2 Kb5 45. Kd3 Ka5 46. Kc3 Kb5 47. Kd3 Ka5 48. Kc3 Kb5 49. Kd3 1/2-1/2


[Site "https://www.chess.com"]

[Event "Titled Tuesday Blitz December 7 2021"]
[White "Guseva, Marina"]
[Black "Sokolin, Leonid"]
[WhiteFideId "4149351"]
[BlackFideId "2009161"]
[WhiteElo "2418"]
[BlackElo "2497"]
[Result "0-1"]
[Round "08"]
[TimeControl "180+1"]
[Date "2021.12.07"]
[WhiteClock "0:01:52"]
[BlackClock "0:02:30"]

1. d4 Nf6 2. c4 e6 3. Nf3 d5 4. g3 Be7 5. Bg2 O-O 6. O-O dxc4 7. Qc2 b5 8. a4 b4 9. Ne5 Qxd4 10. Nxc4 Nd5 11. e4 Nb6 12. Rd1 Qxc4 0-1


[Site "https://www.chess.com"]

[Event "Titled Tuesday Blitz December 7 2021"]
[White "Guz, Ari"]
[Black "Belyakov, Bogdan"]
[WhiteFideId "2825759"]
[BlackFideId "24104795"]
[WhiteElo "2667"]
[BlackElo "2711"]
[Result "0-1"]
[Round "08"]
[TimeControl "180+1"]
[Date "2021.12.07"]
[WhiteClock "0:00:09"]
[BlackClock "0:00:21"]

1. b3 e5 2. Bb2 Nc6 3. Nf3 e4 4. Ng1 Nf6 5. d3 Bc5 6. dxe4 Nxe4 7. e3 Qe7 8. Qf3 d5 9. Bd3 O-O 10. Bxe4 dxe4 11. Qg3 f5 12. Ne2 Nb4 13. Na3 Bd6 14. Nf4 Be5 15. Bxe5 Qxe5 16. O-O Nd5 17. Nc4 Nxf4 18. Nxe5 Ne2+ 19. Kh1 Nxg3+ 20. hxg3 Be6 21. Rfd1 Rfd8 22. Kg1 g6 23. f4 exf3 24. gxf3 Kg7 25. Kf2 Kf6 26. f4 Ke7 27. Ke2 Rxd1 28. Rxd1 Rd8 29. Rh1 Bg8 30. c4 c5 31. Nf3 Kf6 32. Ng5 Rd7 33. e4 fxe4 34. Nxe4+ Kf5 35. Nxc5 Rc7 36. Nd3 b5 37. c5 b4 38. Rc1 a5 39. c6 Ke6 40. Ne5 Kd6 41. Rd1+ Bd5 42. Ke3 Ke6 43. Rc1 a4 44. bxa4 Bxa2 45. Nd3 b3 46. Kd4 Kd6 47. Rc5 Rxc6 48. Rxc6+ Kxc6 49. Kc3 Kb6 50. Nb4 Ka5 51. Nxa2 bxa2 52. Kb2 Kxa4 53. Kxa2 Kb4 54. Kb2 Kc4 55. Kc2 Kd4 56. Kd2 Ke4 57. Ke2 h5 58. Kf2 h4 59. gxh4 Kxf4 60. Kg2 Kg4 61. Kh2 Kxh4 62. Kg2 Kg4 63. Kg1 Kg3 64. Kh1 g5 65. Kg1 g4 66. Kh1 Kh3 67. Kg1 Kg3 68. Kh1 Kf2 0-1


[Site "https://www.chess.com"]

[Event "Titled Tuesday Blitz December 7 2021"]
[White "Holt, Conrad"]
[Black "Pranav, V"]
[WhiteFideId "2034387"]
[BlackFideId "25060783"]
[WhiteElo "2854"]
[BlackElo "2987"]
[Result "1-0"]
[Round "08"]
[TimeControl "180+1"]
[Date "2021.12.07"]
[WhiteClock "0:02:06"]
[BlackClock "0:00:30"]

1. d4 Nf6 2. c4 e6 3. Nc3 Bb4 4. Qc2 O-O 5. e4 d6 6. a3 Bxc3+ 7. bxc3 Nc6 8. Bd3 e5 9. Ne2 Bg4 10. f3 Bd7 11. O-O b6 12. f4 Re8 13. fxe5 dxe5 14. Bg5 Bg4 15. d5 Na5 16. Ng3 Qd6 17. Bxf6 gxf6 18. h3 Bd7 19. Qd2 Nb3 20. Qh6 f5 21. Qh4 f4 22. Nh5 Nxa1 23. Nf6+ Kg7 24. Qg5+ Kh8 25. Qh6 1-0


[Site "https://www.chess.com"]

[Event "Titled Tuesday Blitz December 7 2021"]
[White "Holtel, Jasper"]
[Black "Pakleza, Zbigniew"]
[WhiteFideId "12956376"]
[BlackFideId "1119290"]
[WhiteElo "2273"]
[BlackElo "2727"]
[Result "0-1"]
[Round "08"]
[TimeControl "180+1"]
[Date "2021.12.07"]
[WhiteClock "0:00:02"]
[BlackClock "0:00:05"]

1. d4 d6 2. e4 Nf6 3. Nc3 c6 4. f4 Qb6 5. e5 Nd5 6. Nxd5 cxd5 7. Nf3 Nc6 8. c3 Bf5 9. Bd3 g6 10. Bxf5 gxf5 11. exd6 e6 12. d7+ Kxd7 13. Ne5+ Nxe5 14. fxe5 h5 15. O-O Be7 16. Kh1 h4 17. h3 Rac8 18. Bf4 Kc7 19. Qd2 Rhg8 20. Rfc1 Kb8 21. c4 Rxc4 22. Rxc4 dxc4 23. d5 Bb4 24. Qc2 Qd4 25. dxe6 Qxf4 26. exf7 Rf8 27. e6 Bd6 28. g4 fxg4 29. Qg2 gxh3 30. Qxh3 Qe4+ 31. Kg1 Qd4+ 32. Kh1 Qd5+ 33. Kg1 Bc5+ 34. Kf1 Qd3+ 35. Qxd3 cxd3 36. Rd1 Rd8 0-1


[Site "https://www.chess.com"]

[Event "Titled Tuesday Blitz December 7 2021"]
[White "Kalajzic, Ivan"]
[Black "Potapova, Margarita"]
[WhiteFideId "14506378"]
[BlackFideId "14126869"]
[WhiteElo "2163"]
[BlackElo "2209"]
[Result "1-0"]
[Round "08"]
[TimeControl "180+1"]
[Date "2021.12.07"]
[WhiteClock "0:00:50"]
[BlackClock "0:00:07"]

1. d4 Nf6 2. Nc3 d5 3. Bg5 Nbd7 4. e3 g6 5. f4 Bg7 6. Nf3 O-O 7. Bd3 c5 8. O-O c4 9. Be2 a6 10. Ne5 b5 11. Bf3 e6 12. Ne2 Qc7 13. g4 Ne4 14. Bxe4 dxe4 15. Bh4 f6 16. Nxd7 Bxd7 17. Be1 Rad8 18. Bb4 Rfe8 19. Bc5 e5 20. f5 exd4 21. Bxd4 Qc8 22. Ng3 b4 23. h3 Bb5 24. c3 Bh6 25. Qe1 Rxd4 26. exd4 e3 27. fxg6 hxg6 28. Rxf6 Re6 29. Qf1 e2 30. Nxe2 Be3+ 31. Kh2 Bc6 32. Ng3 Bb7 33. d5 Bxd5 34. Re1 Qc5 35. Rxe6 Bxe6 36. Qf6 Bf7 37. Ne4 Qc7+ 38. Nd6 Bg5 39. Qxf7+ Qxf7 40. Nxf7 Kxf7 41. cxb4 Bf6 42. Re4 Bxb2 43. Rxc4 Be5+ 44. Kg2 Ke6 45. Kf3 Kd5 46. Rc8 Bd6 47. a3 Ke6 48. h4 Kd7 49. Rc4 Ke6 50. Rc6 Kd5 51. Rxa6 Be5 52. h5 Bb2 53. hxg6 Bg7 54. Ra7 Be5 55. g7 Bd6 56. g8=Q+ Kd4 57. Rd7 Ke5 58. Rxd6 Kxd6 59. Qc8 Ke5 60. b5 Kd4 61. b6 1-0


[Site "https://www.chess.com"]

[Event "Titled Tuesday Blitz December 7 2021"]
[White "Kalogeris, Ioannis"]
[Black "Nenezic, Marko"]
[WhiteFideId "4239563"]
[BlackFideId "912123"]
[WhiteElo "2631"]
[BlackElo "2764"]
[Result "0-1"]
[Round "08"]
[TimeControl "180+1"]
[Date "2021.12.07"]
[WhiteClock "0:00:01"]
[BlackClock "0:00:07"]

1. e4 c5 2. Nf3 d6 3. Nc3 Nf6 4. Bc4 e6 5. O-O a6 6. a4 Nc6 7. d3 Be7 8. Bf4 Ng4 9. Ba2 O-O 10. Ne2 Nge5 11. Nd2 Kh8 12. Bg3 f5 13. exf5 exf5 14. h3 d5 15. Bxe5 Nxe5 16. Nf4 Bd6 17. Qh5 g6 18. Qh6 Be7 19. Nf3 Nxf3+ 20. gxf3 Rg8 21. h4 Bxh4 22. Nxd5 Bg5 23. Qh2 f4 24. Rae1 Rf8 25. Re5 Bf5 26. Kg2 b5 27. Rh1 h5 28. Kg1 Ra7 29. Nxf4 Rg7 30. Ne6 Bxe6 31. Rxe6 Rxf3 32. Qe5 Rf8 33. Qe4 Bf6 34. Kf1 bxa4 35. Rxa6 a3 36. bxa3 Bd4 37. Rh2 Qg5 38. Re6 Qc1+ 39. Kg2 Rxf2+ 40. Kh3 Rxh2+ 41. Kxh2 Qg1+ 42. Kh3 Qf1+ 43. Kh2 Kh7 44. Qg2 Qf4+ 45. Qg3 Qd2+ 46. Qg2 Qc3 0-1


[Site "https://www.chess.com"]

[Event "Titled Tuesday Blitz December 7 2021"]
[White "Kamsky, Gata"]
[Black "Ivanchuk, Vasyl"]
[WhiteFideId "2000024"]
[BlackFideId "14100010"]
[WhiteElo "2904"]
[BlackElo "2827"]
[Result "0-1"]
[Round "08"]
[TimeControl "180+1"]
[Date "2021.12.07"]
[WhiteClock "0:00:38"]
[BlackClock "0:00:42"]

1. e4 c5 2. Nf3 d6 3. Nc3 Nf6 4. Bc4 Nc6 5. d3 Bg4 6. h3 Bh5 7. g4 Bg6 8. Bb5 Nd7 9. Bxc6 bxc6 10. Be3 e5 11. Nd2 Be7 12. Qe2 Nf8 13. O-O-O Ne6 14. Nc4 f6 15. Bd2 d5 16. Na3 c4 17. dxc4 Bxa3 18. bxa3 d4 19. Na4 c5 20. Nb2 Qb6 21. Kb1 Rb8 22. Bc1 O-O 23. Ka1 Rf7 24. f3 Rfb7 25. Qe1 Nf4 26. Rh2 Bf7 27. c3 Ne6 28. h4 Qa6 29. a4 Qxa4 30. g5 dxc3 0-1


[Site "https://www.chess.com"]

[Event "Titled Tuesday Blitz December 7 2021"]
[White "Kanyamarala, Tarun"]
[Black "Hjartarson, Johann"]
[WhiteFideId "45004714"]
[BlackFideId "2300044"]
[WhiteElo "2445"]
[BlackElo "2596"]
[Result "0-1"]
[Round "08"]
[TimeControl "180+1"]
[Date "2021.12.07"]
[WhiteClock "0:00:01"]
[BlackClock "0:00:08"]

1. d4 d5 2. c4 e6 3. Nc3 Be7 4. Nf3 Nf6 5. Bg5 h6 6. Bh4 O-O 7. e3 b6 8. Rc1 Bb7 9. Bxf6 Bxf6 10. cxd5 exd5 11. b4 c6 12. a4 Nd7 13. Bd3 Re8 14. O-O a5 15. b5 c5 16. dxc5 Nxc5 17. Bb1 Ne4 18. Nd4 Rc8 19. Nce2 Qd6 20. Bxe4 Rxc1 21. Qxc1 dxe4 22. Rd1 Be5 23. Ng3 Bf6 24. Qb1 Qe5 25. h3 g6 26. Rc1 Bh4 27. Nge2 Qf6 28. g3 Bg5 29. h4 Bxh4 30. gxh4 Qxh4 31. Rc7 Bd5 32. Ng3 Qg5 33. Qf1 h5 34. Qg2 h4 35. Nge2 Qe5 36. Nf4 Qxc7 37. Nxd5 Qd6 38. Nf4 Re5 39. Kh2 g5 40. Nfe2 Rxb5+ 41. Kh3 Qd7+ 42. Qg4 Qxg4+ 43. Kxg4 Rb4 44. Kxg5 h3 45. Ng3 h2 46. Ndf5 Rxa4 47. Nh6+ Kf8 48. Ng4 Ra1 49. Nxh2 a4 50. Nxe4 a3 51. Ng4 Rc1 52. Ne5 a2 53. Kf6 a1=Q 54. Nd6 Rc6 55. Kf5 Rxd6 0-1


[Site "https://www.chess.com"]

[Event "Titled Tuesday Blitz December 7 2021"]
[White "Khanin, Semen"]
[Black "Tologon tegin, Semetei"]
[WhiteFideId "4111990"]
[BlackFideId "13800574"]
[WhiteElo "2760"]
[BlackElo "2623"]
[Result "1/2-1/2"]
[Round "08"]
[TimeControl "180+1"]
[Date "2021.12.07"]
[WhiteClock "0:00:20"]
[BlackClock "0:00:13"]

1. Nf3 b6 2. g3 Bb7 3. Bg2 g6 4. a4 a5 5. O-O Bg7 6. d4 Nf6 7. Nc3 O-O 8. Re1 d5 9. Ne5 Nbd7 10. f4 e6 11. b3 Ne4 12. Nxe4 dxe4 13. Bb2 f5 14. c4 Nxe5 15. fxe5 Rf7 16. e3 Rd7 17. Qe2 h5 18. Rad1 Qg5 19. Qf2 Rad8 20. Ba3 Bxe5 21. Bb2 Bg7 22. Rd2 c5 23. Bc3 Bf6 24. Red1 cxd4 25. Bxd4 Bxd4 26. Rxd4 Rxd4 27. Rxd4 Rxd4 28. exd4 Qc1+ 29. Bf1 e3 30. Qf4 Be4 31. Qb8+ Kh7 32. Qc7+ Kh6 33. Qf4+ g5 34. Qe5 h4 35. g4 e2 36. Qf6+ Kh7 37. Qf7+ Kh6 38. Qf6+ Kh7 39. Qf7+ Kh6 40. Qf6+ 1/2-1/2


[Site "https://www.chess.com"]

[Event "Titled Tuesday Blitz December 7 2021"]
[White "Khoroshev, Nikita"]
[Black "Pham, Le Thao Nguyen"]
[WhiteFideId "14200287"]
[BlackFideId "12401226"]
[WhiteElo "2717"]
[BlackElo "2518"]
[Result "0-1"]
[Round "08"]
[TimeControl "180+1"]
[Date "2021.12.07"]
[WhiteClock "0:00:08"]
[BlackClock "0:00:07"]

1. e4 c5 2. c3 e6 3. d4 d5 4. e5 Nc6 5. Nf3 Bd7 6. Bd3 cxd4 7. cxd4 Qb6 8. Be2 Nge7 9. Nc3 Nf5 10. Na4 Bb4+ 11. Bd2 Qa5 12. Nc5 Bxd2+ 13. Qxd2 Qxd2+ 14. Kxd2 Ncxd4 15. Nxd4 Nxd4 16. Nxb7 Rb8 17. Ba6 Ke7 18. Rhc1 Nc6 19. f4 Nb4 20. Nc5 Nxa6 21. Nxa6 Rxb2+ 22. Ke3 Rc8 23. Nc5 Rxg2 24. Rab1 Rc7 25. Nb7 Rxc1 26. Rxc1 g5 27. Rc7 gxf4+ 28. Kf3 Rxh2 29. Nc5 Rc2 30. Rxd7+ Ke8 31. Rc7 Rc4 32. Kg4 h5+ 33. Kg5 f3 34. Kf6 Rf4+ 35. Kg7 f2 36. Rc8+ Ke7 37. Rc7+ Kd8 38. Rd7+ Kc8 39. Rxa7 f1=Q 40. Na6 Qg1+ 41. Kf8 Qxa7 0-1


[Site "https://www.chess.com"]

[Event "Titled Tuesday Blitz December 7 2021"]
[White "Kim, Sergey"]
[Black "Nilsen, Tobias Lang"]
[WhiteFideId "13700570"]
[BlackFideId "1521624"]
[WhiteElo "2594"]
[BlackElo "2446"]
[Result "0-1"]
[Round "08"]
[TimeControl "180+1"]
[Date "2021.12.07"]
[WhiteClock "0:00:09"]
[BlackClock "0:00:54"]

1. d4 Nf6 2. c4 c5 3. d5 e6 4. Nc3 exd5 5. cxd5 d6 6. e4 g6 7. Nge2 Bg7 8. Ng3 h5 9. h4 a6 10. a4 Nbd7 11. Be2 O-O 12. Bg5 Qc7 13. Qd2 Rb8 14. O-O c4 15. f4 b5 16. e5 Nh7 17. e6 f6 18. f5 fxg5 19. fxg6 Nhf6 20. hxg5 Ng4 21. Rf7 Qc5+ 22. Kh1 Rxf7 23. gxf7+ Kf8 24. Nxh5 Nf2+ 25. Kh2 Ne5 26. Nxg7 Kxg7 27. Qf4 Bxe6 28. Qf6+ Kf8 29. dxe6 Nfg4+ 30. Bxg4 Nxg4+ 31. Kg3 Nxf6 32. gxf6 Qg5+ 0-1


[Site "https://www.chess.com"]

[Event "Titled Tuesday Blitz December 7 2021"]
[White "Kislinsky, Alexey"]
[Black "Zierk, Steven"]
[WhiteFideId "14108801"]
[BlackFideId "2034255"]
[WhiteElo "2726"]
[BlackElo "2873"]
[Result "1-0"]
[Round "08"]
[TimeControl "180+1"]
[Date "2021.12.07"]
[WhiteClock "0:00:12"]
[BlackClock "0:00:01"]

1. e4 c5 2. Nc3 Nc6 3. f4 g6 4. Nf3 Bg7 5. a3 d6 6. Bc4 Nf6 7. d3 O-O 8. h3 e6 9. Ba2 d5 10. Bd2 dxe4 11. dxe4 Nd4 12. O-O b5 13. e5 Nd7 14. Nxd4 cxd4 15. Ne4 Bb7 16. Nd6 Bc6 17. Qe1 Nc5 18. Bb4 Na4 19. Ba5 Qb8 20. Rb1 a6 21. Qf2 Ra7 22. Qxd4 Rd7 23. Rbd1 Qa8 24. Rf2 Rxd6 25. Qxd6 Nxb2 26. Rdd2 Nc4 27. Bxc4 bxc4 28. c3 Bd5 29. Rb2 Rc8 30. Qd7 Bc6 31. Qe7 Bf8 32. Qh4 Bc5 33. Kh2 Bxf2 34. Rxf2 Qb7 35. Bb4 1-0


[Site "https://www.chess.com"]

[Event "Titled Tuesday Blitz December 7 2021"]
[White "Koellner, Ruben Gideon"]
[Black "Itkis, Boris"]
[WhiteFideId "12993093"]
[BlackFideId "1209167"]
[WhiteElo "2569"]
[BlackElo "2374"]
[Result "1-0"]
[Round "08"]
[TimeControl "180+1"]
[Date "2021.12.07"]
[WhiteClock "0:00:09"]
[BlackClock "0:00:01"]

1. d4 d5 2. Bf4 Bg4 3. Nf3 Bxf3 4. gxf3 Nf6 5. e3 e6 6. c4 Bd6 7. Bg3 O-O 8. Nc3 Nbd7 9. c5 Bxg3 10. hxg3 Re8 11. Bd3 e5 12. Kf1 g6 13. Kg2 exd4 14. exd4 c6 15. Qd2 Qe7 16. b4 Qf8 17. a4 Qg7 18. b5 Nf8 19. Rhb1 Re7 20. a5 cxb5 21. Rxb5 Ne6 22. Bf1 Nh5 23. Rb4 Rd8 24. Rab1 Rdd7 25. Bb5 Rd8 26. Ba4 f5 27. Bb3 Nf6 28. Ne2 a6 29. Ba4 Ne8 30. Rb6 Qf7 31. R1b4 N8g7 32. Bb3 f4 33. Nc3 fxg3 34. fxg3 Ng5 35. Qf4 Qxf4 36. gxf4 N5e6 37. Bxd5 Kf8 38. Bxe6 Nxe6 39. d5 Nxc5 40. Kf2 Nd7 41. Rxb7 Nf6 42. Rxe7 Kxe7 43. Rb6 Rd6 44. Rxd6 Kxd6 45. Ne4+ Ke7 46. Nc5 Nxd5 47. Nxa6 h5 48. Kg3 Kd6 49. Nb8 Nb4 50. a6 Kc7 51. a7 Kb7 52. Nd7 Kxa7 53. Ne5 Nd5 54. Nxg6 Kb6 55. Kh4 Kc7 56. Kxh5 Kd6 57. Kg5 Ke6 58. f5+ Kf7 59. Nf4 Nf6 60. Ng6 Nh7+ 61. Kf4 Nf6 62. Ne5+ Kg7 63. Ng4 Nh5+ 64. Kg5 Ng3 65. f6+ Kf7 66. Nh6+ Kf8 67. Nf5 Ne2 68. Kg6 Nc3 69. Nd4 Nd5 70. Ne6+ Ke8 71. f7+ Kd7 72. f8=Q 1-0


[Site "https://www.chess.com"]

[Event "Titled Tuesday Blitz December 7 2021"]
[White "Korchmar, Vasiliy"]
[Black "Yilmaz, Mustafa"]
[WhiteFideId "24131750"]
[BlackFideId "6302718"]
[WhiteElo "2709"]
[BlackElo "2983"]
[Result "1-0"]
[Round "08"]
[TimeControl "180+1"]
[Date "2021.12.07"]
[WhiteClock "0:00:06"]
[BlackClock "0:00:39"]

1. e4 e5 2. Nf3 Nc6 3. Bb5 a6 4. Ba4 Nf6 5. d3 b5 6. Bb3 Bc5 7. O-O h6 8. c3 d6 9. Nbd2 O-O 10. Re1 Bb6 11. Nf1 Na5 12. Bc2 c5 13. a4 Bb7 14. Ng3 Re8 15. Nf5 d5 16. Qe2 c4 17. dxc4 dxe4 18. N3h4 bxc4 19. Be3 Re6 20. Rad1 Qc7 21. Qd2 Bxe3 22. Rxe3 Kh7 23. Rg3 Nh5 24. Rg4 Bc6 25. Qe3 Nb3 26. Bxe4 Bxe4 27. Qxe4 g6 28. Qxa8 Nf6 29. Rd8 Qxd8 30. Qxd8 Nxg4 31. Nd6 Kg7 32. Qd7 1-0


[Site "https://www.chess.com"]